 Dungeon Crawl Stone Soup version 0.19-a0-599-g723c685 (webtiles) character file.

119 st0uf the Covered (level 5, -2/33 HPs)
             Began as a Gargoyle Fighter on June 11, 2016.
             Slain by an orc warrior
             ... wielding a +0 war axe
              (11 damage)
             ... on level 3 of the Dungeon.
             The game lasted 00:14:49 (2642 turns).

st0uf the Covered (Gargoyle Fighter)                Turns: 2642, Time: 00:14:50

Health: -2/33      AC: 14    Str: 21    XL:     5   Next: 3%
Magic:  5/5        EV:  6    Int:  8    God:
Gold:   143        SH:  9    Dex:  9    Spells: 0 memorised, 4 levels left

rFire  . . .     SeeInvis .     a - +0 flail
rCold  . . .     Gourm    .     y - +0 chain mail
rNeg   + . .     Faith    .     c - +0 shield
rPois  ∞         Spirit   .     (no helmet)
rElec  +         Dismiss  .     i - +0 cloak
rCorr  .         Reflect  .     (no gloves)
SustAt .         Harm     .     (no boots)
MR     .....                    (no amulet)
Stlth  ..........               (no ring)
                                (no ring)

@: not resistant to hostile enchantments, extremely unstealthy
A: negative energy resistance 1, electricity resistance, unbreathing,
petrification resistance, rot immunity, AC +4
a: no special abilities


You were on level 3 of the Dungeon.
You were not hungry.

You visited 1 branch of the dungeon, and saw 3 of its levels.

You collected 143 gold pieces.

Inventory:

Hand Weapons
 a - a +0 flail (weapon)
Missiles
 e - 33 arrows
Armour
 b - a +0 scale mail
 c - a +0 shield (worn)
 i - a +0 cloak (worn)
 y - a +0 chain mail (worn)
Jewellery
 m - an uncursed amulet of faith
Scrolls
 r - 2 scrolls of fear
 t - 4 scrolls of remove curse
 u - 2 scrolls of enchant armour {unknown}
 v - 2 scrolls of amnesia {unknown}
Potions
 d - 4 potions of might
 j - a potion of cancellation
 q - 2 potions of curing
 w - a potion of heal wounds {unknown}
Books
 n - a book of Debilitation

   Spells                             Type                      Level
   a - Corona                         Hexes                        1
   b - Slow                           Hexes                        2
   c - Gell's Gravitas                Hexes/Translocation          3
   d - Inner Flame                    Hexes/Fire                   3
   e - Cause Fear                     Hexes                        4
   f - Leda's Liquefaction            Hexes/Earth                  4
Comestibles
 f - 3 bread rations
 g - 2 fruits
 h - 2 beef jerkies
 l - a chunk of flesh
 o - a royal jelly


   Skills:
 + Level 4.0 Fighting
 + Level 2.7 Maces & Flails
 + Level 4.1 Armour
 + Level 1.0 Dodging
 + Level 4.1 Shields


You had 4 spell levels left.
You didn't know any spells.

Dungeon Overview and Level Annotations

Branches:
Dungeon (3/15)

Altars:
Kikubaaqudgha
Sif Muna


Innate Abilities, Weirdness & Mutations

You are resistant to torment.
Your stone body is resilient. (AC +4)
You are immune to poison.
You resist negative energy. (rN+)
You are resistant to electric shocks. (rElec)
You can survive without breathing.
You are immune to petrification.
You are immune to rotting.


Message History

The orc warrior is heavily wounded.
You block the orc warrior's attack.
The orc warrior hits you with a war axe!
You closely miss the orc warrior.
The orc warrior is heavily wounded.
You block the orc warrior's attack.
You closely miss the orc warrior.
The orc warrior is heavily wounded.
You block the orc warrior's attack.
You hit the orc warrior.
The orc warrior is severely wounded.
The orc warrior hits you with a war axe.
* * * LOW HITPOINT WARNING * * *
You sock the orc warrior!
The orc warrior is almost dead.
You block the orc warrior's attack.
You closely miss the orc warrior.
The orc warrior is almost dead.
The orc warrior hits you with a war axe!
You die...

######.#####.##
##........##...##
##...###.#.......#
#.#.#.##.####...##
#...#.##.# #.#...
#.###.##.#####.###
#####....###.......#
#........#
#######'##
#.###@##.# ##...##
#o##.# ##.....#
#o##.# ##.......
.#o... #........ ##
.... ..'........
#...####........ #.#
##....... .#
##.....# # ##...##


You could see an orc warrior and 2 orcs.

Vanquished Creatures
  An orc priest (D:3)
  3 gnolls (D:2)
  An adder (D:3)
  A worm (D:3)
  3 dart slugs
  A giant gecko (D:1)
  An orc (D:2)
  A giant cockroach (D:1)
  8 hobgoblins
  2 jackals (D:3)
  7 bats
  4 giant newts
  2 goblins (D:1)
  3 kobolds
  7 rats
45 creatures vanquished.

Notes
Turn   | Place    | Note
--------------------------------------------------------------
     0 | D:1      | st0uf the Gargoyle Fighter began the quest for the Orb.
     0 | D:1      | Reached XP level 1. HP: 14/14 MP: 1/1
   242 | D:1      | Reached XP level 2. HP: 15/19 MP: 2/2
   469 | D:1      | You fall through a shaft!
   605 | D:2      | Reached XP level 3. HP: 13/23 MP: 3/3
  1298 | D:2      | Found a deep blue altar of Sif Muna.
  1442 | D:2      | Reached XP level 4. HP: 29/29 MP: 4/4
  1582 | D:3      | Found an ancient bone altar of Kikubaaqudgha.
  1807 | D:3      | Noticed an orc warrior
  2596 | D:3      | Reached skill level 1 in Dodging
  2596 | D:3      | Reached XP level 5. HP: 32/33 MP: 5/5
  2642 | D:3      | Slain by an orc warrior

Vault maps used:
D:1:      dpeg_arrival_orchard, bh_walls_and_bars
D:2:      lemuel_doored_altar, serial_co_window_serial, co_window_cross_1,
          co_window_paths_a, co_window_paths_a, co_window_corner_a,
          co_window_corner_a, co_window_of_opportunity_b,
          co_window_unsneaky_path_a, co_window_paths_c, co_window_4corner_b,
          co_window_paths_e, glass_columns_c, glass_columns_c, first_bread
D:3:      overflow_temple_1_default

Skill      XL: |  1  2  3  4 |
---------------+-------------+-----
Armour         | 4 |  4.1
Shields        | 4 |  4.1
Fighting       | 4 |  4.0
Dodging        | 1 |  1.0
Maces & Flails | |  2.7

Action                   |  1- 3 |  4- 6 || total
-------------------------+-------+-------++-------
Melee: Flail             |   113 |   116 ||   229
  Use: Scroll            |       |     7 ||     7
  Eat: Chunk             |     2 |     4 ||     6
Armor: Scale mail        |    51 |    18 ||    69
       Chain mail        |       |    27 ||    27
Dodge: Dodged            |    36 |    28 ||    64
Block: Shield            |    44 |    67 ||   111
